TOP OF THE 1ST |
---|
Chattanooga Chinpokomon batting - Pitching for Indiana Hounds : RHP Lúcio Estrada | Pitching: RHP Lúcio Estrada | | Batting: LHB Elvin Summers | 0-0: Called Strike 0-1: Ground out 1-3 (Groundball, P) | Batting: RHB Luis Antonio Velásquez | 0-0: Foul Ball, location: 2F 0-1: Called Strike 0-2: SINGLE (Groundball, 6D) | Batting: RHB Cristo García | 0-0: Called Strike 0-1: Ball 1-1: Ball 2-1: SINGLE (Groundball, 4MD) Luis Antonio Velásquez to second | Batting: RHB Jesús Tisnado | 0-0: Ball 1-0: Ball Luis Antonio Velásquez steals 3rd base Cristo García to second 2-0: Ball 3-0: Called Strike 3-1: Foul Ball, location: 2F 3-2: Strikes out swinging | Batting: RHB Patrick Potts | 0-0: Called Strike 0-1: Ball 1-1: Ball 2-1: Ball 3-1: Base on Balls | Batting: RHB Ricardo Salazar | 0-0: SINGLE (Line Drive, 6MD) Luis Antonio Velásquez scores Cristo García to third Patrick Potts to second Runner from 3rd tries for Home, SAFE, throw made home | Now in CF: Jessie Thompson | | Batting: RHB Jeffrey Hicks | 0-0: Called Strike 0-1: Ball 1-1: Ball 2-1: Swinging Strike 2-2: Strikes out looking | Top of the 1st over - 2 runs, 3 hits, 0 errors, 2 left on base; Chattanooga 2 - Indiana 0 | BOTTOM OF THE 1ST |
---|
Indiana Hounds batting - Pitching for Chattanooga Chinpokomon : RHP Ricardo Quiñones | Pitching: RHP Ricardo Quiñones | | Batting: LHB Mario Álvarez | 0-0: Fly out, F8 (Flyball, 8RD) | Batting: LHB Jim Clemente | 0-0: Called Strike 0-1: Swinging Strike 0-2: Ball 1-2: Foul Ball, location: 2F 1-2: Strikes out looking | Batting: RHB Remi Eruzione | 0-0: Foul Ball, location: 2F 0-1: SINGLE (Line Drive, 8RS) | Batting: RHB Víctor Márquez | 0-0: Ball 1-0: Swinging Strike 1-1: Swinging Strike 1-2: Foul Ball, location: 2F 1-2: Ball 2-2: SINGLE (Line Drive, 8LS) Remi Eruzione to second Runner from 2nd tries for 3rd, SAFE, no throw | Batting: RHB Jessie Thompson | 0-0: Ball 1-0: Swinging Strike 1-1: 3-RUN HOME RUN (Flyball, 7LD), Distance : 313 ft | Batting: LHB Pepe Vázquez | 0-0: Ground out 4-3 (Groundball, 4) | Bottom of the 1st over - 3 runs, 3 hits, 0 errors, 0 left on base; Chattanooga 2 - Indiana 3 | TOP OF THE 2ND |
---|
Chattanooga Chinpokomon batting - Pitching for Indiana Hounds : RHP Lúcio Estrada | Batting: RHB Jesús Ramírez | 0-0: Ball 1-0: Ground out 1-3 (Groundball, 15S) | Batting: RHB José Martínez | 0-0: Ball 1-0: Ball 2-0: SINGLE (Line Drive, 9LS) | Batting: LHB Elvin Summers | 0-0: Called Strike 0-1: Ball 1-1: Foul Ball, location: 2F 1-2: Foul Ball, location: 2F 1-2: Ground out 4-3 (Groundball, 34D) José Martínez to second | Batting: RHB Luis Antonio Velásquez | 0-0: Ball 1-0: Ball 2-0: Called Strike 2-1: Ball 3-1: Base on Balls | Batting: RHB Cristo García | 0-0: Ball 1-0: Ball 2-0: Foul Ball, location: 2F 2-1: Foul Ball, location: 2F 2-2: Strikes out swinging | Top of the 2nd over - 0 runs, 1 hit, 0 errors, 2 left on base; Chattanooga 2 - Indiana 3 | BOTTOM OF THE 2ND |
---|
Indiana Hounds batting - Pitching for Chattanooga Chinpokomon : RHP Ricardo Quiñones | Batting: LHB Chandler Hubbard | 0-0: Swinging Strike 0-1: Ball 1-1: Foul Ball, location: 2F 1-2: Fly out, F9 (Flyball, 9LD) | Batting: SHB Charles Alexander | 0-0: Swinging Strike 0-1: Ball 1-1: Ball 2-1: Ball 3-1: Base on Balls | Batting: RHB Bob Lazzeri | 0-0: Ball 1-0: Fly out, F8 (Flyball, 8RD) | Batting: LHB Mario Álvarez | 0-0: Ball 1-0: Foul Ball, location: 2F 1-1: Foul Ball, location: 2F 1-2: SINGLE (Groundball, 34D) Charles Alexander to second Runner from 2nd tries for 3rd, SAFE, no throw | Batting: LHB Jim Clemente | 0-0: Ball 1-0: Fly out, F6 (Line Drive, 6) | Bottom of the 2nd over - 0 runs, 1 hit, 0 errors, 2 left on base; Chattanooga 2 - Indiana 3 | TOP OF THE 3RD |
---|
Chattanooga Chinpokomon batting - Pitching for Indiana Hounds : RHP Lúcio Estrada | Batting: RHB Jesús Tisnado | 0-0: Ball 1-0: Ball 2-0: Ball 3-0: Base on Balls | Batting: RHB Patrick Potts | 0-0: Swinging Strike 0-1: Swinging Strike 0-2: Ball 1-2: Strikes out swinging | Batting: RHB Ricardo Salazar | 0-0: Ball 1-0: Called Strike 1-1: Foul Ball, location: 2F 1-2: SINGLE (Line Drive, 89M) Jesús Tisnado to second Runner from 2nd tries for 3rd, SAFE, no throw | Batting: RHB Jeffrey Hicks | 0-0: Ball 1-0: Called Strike 1-1: Ball 2-1: Swinging Strike Passed Ball! Jesús Tisnado scores Ricardo Salazar to second 2-2: Strikes out swinging | Batting: RHB Jesús Ramírez | 0-0: Ball 1-0: Foul Ball, location: 2F 1-1: Foul Ball, location: 2F 1-2: Foul Ball, location: 2F 1-2: Ball 2-2: Ball 3-2: Base on Balls | Batting: RHB José Martínez | 0-0: Foul Ball, location: 2F 0-1: Called Strike 0-2: Ball 1-2: Foul Ball, location: 2F 1-2: Ball 2-2: Ball 3-2: Base on Balls Ricardo Salazar to third Jesús Ramírez to second | Batting: LHB Elvin Summers | 0-0: Foul Ball, location: 2F 0-1: Fly out, F3 (Popup, 34) | Top of the 3rd over - 1 run, 1 hit, 0 errors, 3 left on base; Chattanooga 3 - Indiana 3 | BOTTOM OF THE 3RD |
---|
Indiana Hounds batting - Pitching for Chattanooga Chinpokomon : RHP Ricardo Quiñones | Batting: RHB Remi Eruzione | 0-0: Ball 1-0: Foul Ball, location: 2F 1-1: Ball 2-1: Ball 3-1: Foul Ball, location: 2F 3-2: Fly out, F8 (Line Drive, 8RM) | Batting: RHB Víctor Márquez | 0-0: Called Strike 0-1: Foul Ball, location: 2F 0-2: SINGLE (Groundball, 4MD) | Batting: RHB Jessie Thompson | 0-0: Ball 1-0: DOUBLE (Flyball, 89XD) Víctor Márquez to third Runner from 3rd tries for Home, SAFE, throw made at trailing runner, OUT at third! | Batting: LHB Pepe Vázquez | 0-0: Foul Ball, location: 2F 0-1: Ball 1-1: Swinging Strike 1-2: Ball 2-2: Foul Ball, location: 2F 2-2: Ball 3-2: SINGLE (Groundball, 6MD) | Batting: LHB Chandler Hubbard | 0-0: Foul Ball, location: 2F 0-1: Fly out, F7 (Line Drive, 7LS) | Bottom of the 3rd over - 1 run, 3 hits, 0 errors, 1 left on base; Chattanooga 3 - Indiana 4 | BOTTOM OF THE 4TH |
---|
Indiana Hounds batting - Pitching for Chattanooga Chinpokomon : RHP Ricardo Quiñones | Batting: SHB Charles Alexander | 0-0: Ball 1-0: Ball 2-0: Ball 3-0: Base on Balls | Batting: RHB Bob Lazzeri | 0-0: Called Strike 0-1: Swinging Strike 0-2: Ball 1-2: Ball 2-2: Strikes out looking | Batting: LHB Mario Álvarez | 0-0: Swinging Strike 0-1: Ball 1-1: Swinging Strike 1-2: Ball 2-2: Fly out, F8 (Flyball, 89XD) | Batting: LHB Jim Clemente | 0-0: Ball 1-0: Fly out, F7 (Flyball, 7D) | Bottom of the 4th over - 0 runs, 0 hits, 0 errors, 1 left on base; Chattanooga 4 - Indiana 4 | TOP OF THE 5TH |
---|
Chattanooga Chinpokomon batting - Pitching for Indiana Hounds : RHP Lúcio Estrada | Batting: RHB Jeffrey Hicks | 0-0: Called Strike 0-1: Ball 1-1: Ball 2-1: Ball 3-1: Bunted foul 3-2: Reached on error, E5 (Groundball, 5) | Pitching: RHP Rob Fields | | Batting: RHB Jesús Ramírez | 0-0: Foul Ball, location: 2F 0-1: Swinging Strike 0-2: Ball 1-2: Ground out 6-3 (Groundball, 6) | Batting: RHB José Martínez | 0-0: Called Strike 0-1: Foul Ball, location: 2F 0-2: Ball 1-2: Strikes out swinging | Batting: LHB Elvin Summers | 0-0: Called Strike 0-1: Ball 1-1: Ball 2-1: Foul Ball, location: 2F 2-2: Ball 3-2: Foul Ball, location: 2F 3-2: Base on Balls | Batting: RHB Luis Antonio Velásquez | 0-0: Called Strike 0-1: SINGLE (Groundball, 56D) Jeffrey Hicks to third Elvin Summers to second Runner from 3rd tries for Home, SAFE, no throw | Batting: RHB Cristo García | 0-0: Ball 1-0: Called Strike 1-1: Ball 2-1: Called Strike 2-2: Foul Ball, location: 2F 2-2: Ball 3-2: Base on Balls Elvin Summers to third Luis Antonio Velásquez to second | Batting: RHB Jesús Tisnado | 0-0: Ball 1-0: Ball 2-0: Ball 3-0: Called Strike 3-1: Fly out, F2 (Popup, 2LF) | Top of the 5th over - 1 run, 1 hit, 1 error, 3 left on base; Chattanooga 5 - Indiana 4 | BOTTOM OF THE 5TH |
---|
Indiana Hounds batting - Pitching for Chattanooga Chinpokomon : RHP Ricardo Quiñones | Batting: RHB Remi Eruzione | 0-0: Ball 1-0: Swinging Strike 1-1: Called Strike 1-2: Foul Ball, location: 2F 1-2: Strikes out swinging | Batting: RHB Víctor Márquez | 0-0: Called Strike 0-1: Ball 1-1: Called Strike 1-2: Foul Ball, location: 2F 1-2: Foul Ball, location: 2F 1-2: SINGLE (Groundball, 4MD) | Batting: RHB Jessie Thompson | 0-0: Called Strike 0-1: Foul Ball, location: 2F 0-2: Ball 1-2: Strikes out swinging | Batting: LHB Pepe Vázquez | 0-0: Foul Ball, location: 2F 0-1: Foul Ball, location: 2F 0-2: Ball 1-2: Ball 2-2: Foul Ball, location: 2F 2-2: Foul Ball, location: 2F 2-2: Ball 3-2: Base on Balls Víctor Márquez to second | Pitching: LHP Mario Solíz | | Batting: LHB Chandler Hubbard | 0-0: Ball 1-0: Foul Ball, location: 2F 1-1: Ball 2-1: Called Strike 2-2: Foul Ball, location: 2F 2-2: Ball 3-2: Ground out U3 (Groundball, 3) | Bottom of the 5th over - 0 runs, 1 hit, 0 errors, 2 left on base; Chattanooga 5 - Indiana 4 | TOP OF THE 6TH |
---|
Chattanooga Chinpokomon batting - Pitching for Indiana Hounds : RHP Rob Fields | Batting: RHB Patrick Potts | 0-0: Ball 1-0: Foul Ball, location: 2F 1-1: Foul Ball, location: 2F 1-2: Foul Ball, location: 2F 1-2: Ball 2-2: Foul Ball, location: 2F 2-2: Strikes out looking | Batting: RHB Ricardo Salazar | 0-0: Ball 1-0: Ball 2-0: Foul Ball, location: 2F 2-1: SINGLE (Groundball, 34D) | Batting: RHB Jeffrey Hicks | 0-0: Ball 1-0: Called Strike 1-1: Called Strike 1-2: SINGLE (Groundball, 56D) Ricardo Salazar to second | Batting: RHB Jesús Ramírez | 0-0: Foul Ball, location: 2F 0-1: Foul Ball, location: 2F 0-2: Ball 1-2: Grounds into double play, 4-6-3 (Groundball, 4) | Top of the 6th over - 0 runs, 2 hits, 0 errors, 1 left on base; Chattanooga 5 - Indiana 4 | BOTTOM OF THE 6TH |
---|
Indiana Hounds batting - Pitching for Chattanooga Chinpokomon : LHP Mario Solíz | Batting: SHB Charles Alexander | 0-0: SINGLE (Groundball, 3S) (infield hit) | Batting: RHB Bob Lazzeri | 0-0: Called Strike 0-1: Grounds into double play, 6-4-3 (Groundball, 56D) | Batting: LHB Mario Álvarez | 0-0: Ball 1-0: Called Strike 1-1: Foul Ball, location: 2F 1-2: Ball 2-2: Strikes out looking | Bottom of the 6th over - 0 runs, 1 hit, 0 errors, 0 left on base; Chattanooga 5 - Indiana 4 | TOP OF THE 7TH |
---|
Chattanooga Chinpokomon batting - Pitching for Indiana Hounds : RHP Rob Fields | Batting: RHB José Martínez | 0-0: Ball 1-0: Called Strike 1-1: Ball 2-1: DOUBLE (Line Drive, 78D) | Batting: LHB Elvin Summers | 0-0: Ball 1-0: SINGLE (Groundball, 13S) (infield hit) José Martínez to third | Pinch Hitting: LHB José Costa | 0-0: Ball 1-0: Fly out, F7 (Flyball, 7S) | Batting: RHB Cristo García | 0-0: Ball 1-0: Called Strike 1-1: Ball 2-1: Foul Ball, location: 2F 2-2: Foul Ball, location: 2F 2-2: Strikes out swinging | Batting: RHB Jesús Tisnado | 0-0: Ball 1-0: Swinging Strike 1-1: Fly out, F9 (Flyball, 9LS) | Top of the 7th over - 0 runs, 2 hits, 0 errors, 2 left on base; Chattanooga 5 - Indiana 4 | BOTTOM OF THE 7TH |
---|
Indiana Hounds batting - Pitching for Chattanooga Chinpokomon : LHP Mario Solíz | Now at 2B: Kyung-bok Cho | | Batting: LHB Jim Clemente | 0-0: Ball 1-0: Called Strike 1-1: Ball 2-1: Ball 3-1: Ground out 5-3 (Groundball, 56S) | Batting: RHB Remi Eruzione | 0-0: Swinging Strike 0-1: Called Strike 0-2: Ball 1-2: Foul Ball, location: 2F 1-2: Fly out, F8 (Flyball, 8LXD) | Batting: RHB Víctor Márquez | 0-0: Ball 1-0: Called Strike 1-1: Ball 2-1: Foul Ball, location: 2F 2-2: Foul Ball, location: 2F 2-2: Ball 3-2: Base on Balls | Batting: RHB Jessie Thompson | 0-0: Called Strike 0-1: Called Strike 0-2: Fielders Choice at 2nd, 5-4 (Groundball, 56) | Bottom of the 7th over - 0 runs, 0 hits, 0 errors, 1 left on base; Chattanooga 5 - Indiana 4 | TOP OF THE 8TH |
---|
Chattanooga Chinpokomon batting - Pitching for Indiana Hounds : RHP Rob Fields | Pitching: RHP Mike Meeks | | Batting: RHB Patrick Potts | 0-0: Ball 1-0: Ball 2-0: Ball 3-0: Base on Balls | Batting: RHB Ricardo Salazar | 0-0: Called Strike 0-1: Foul Ball, location: 2F 0-2: Ground out 5-3 (Groundball, 56S) Patrick Potts to second | Batting: RHB Jeffrey Hicks | 0-0: Intentional Walk | Batting: RHB Jesús Ramírez | 0-0: Called Strike 0-1: Called Strike 0-2: Ball 1-2: Foul Ball, location: 2F 1-2: Ball 2-2: Ball 3-2: SINGLE (Line Drive, 9LS) Patrick Potts to third Jeffrey Hicks to second Runner from 3rd tries for Home, SAFE, no throw | Batting: RHB José Martínez | 0-0: Called Strike Jeffrey Hicks steals 3rd base 0-1: Ball 1-1: Ball 2-1: Ball 3-1: Called Strike 3-2: Foul Ball, location: 2F 3-2: Strikes out swinging | Batting: LHB Elvin Summers | 0-0: Ball 1-0: Fielders Choice at 2nd, 6-4 (Groundball, 6) | Top of the 8th over - 1 run, 1 hit, 0 errors, 2 left on base; Chattanooga 6 - Indiana 4 | BOTTOM OF THE 8TH |
---|
Indiana Hounds batting - Pitching for Chattanooga Chinpokomon : LHP Mario Solíz | Batting: LHB Pepe Vázquez | 0-0: Ball 1-0: Ground out 6-3 (Groundball, 6S) | Batting: LHB Chandler Hubbard | 0-0: Called Strike 0-1: Called Strike 0-2: Ground out 6-3 (Groundball, 6) | Batting: SHB Charles Alexander | 0-0: Ball 1-0: Fly out, F9 (Flyball, 9) | Bottom of the 8th over - 0 runs, 0 hits, 0 errors, 0 left on base; Chattanooga 6 - Indiana 4 | TOP OF THE 9TH |
---|
Chattanooga Chinpokomon batting - Pitching for Indiana Hounds : RHP Mike Meeks | Batting: RHB Kyung-bok Cho | 0-0: Foul Ball, location: 2F 0-1: Swinging Strike 0-2: Strikes out looking | Batting: RHB Cristo García | 0-0: Swinging Strike 0-1: Fly out, F9 (Line Drive, 9D) | Batting: RHB Jesús Tisnado | 0-0: DOUBLE (Line Drive, 78XD) | Batting: RHB Patrick Potts | 0-0: Called Strike 0-1: Foul Ball, location: 2F 0-2: Foul Ball, location: 2F 0-2: DOUBLE (Line Drive, 78D) Jesús Tisnado scores | Batting: RHB Ricardo Salazar | 0-0: Ball 1-0: Foul Ball, location: 2F 1-1: Ball 2-1: Ground out 6-3 (Groundball, 6M) | Top of the 9th over - 1 run, 2 hits, 0 errors, 1 left on base; Chattanooga 7 - Indiana 4 | BOTTOM OF THE 9TH |
---|
Indiana Hounds batting - Pitching for Chattanooga Chinpokomon : LHP Mario Solíz | Pitching: RHP Alejandro Hernández | | Batting: RHB Bob Lazzeri | 0-0: Called Strike 0-1: Ground out 1-3 (Groundball, P) | Batting: LHB Mario Álvarez | 0-0: Foul Ball, location: 2F 0-1: Foul Ball, location: 2F 0-2: SINGLE (Groundball, 34S) (infield hit) | Batting: LHB Jim Clemente | 0-0: Ball 1-0: Ball 2-0: Fly out, F9 (Flyball, 9S) | Batting: RHB Remi Eruzione | 0-0: Called Strike 0-1: Ball 1-1: Ball 2-1: Foul Ball, location: 2F 2-2: Foul Ball, location: 2F 2-2: Strikes out swinging | Bottom of the 9th over - 0 runs, 1 hit, 0 errors, 1 left on base; Chattanooga 7 - Indiana 4 | |